 Dungeon Crawl Stone Soup version 0.30-a0-924-g0ad0bf95bc (webtiles) character file.

Game seed: 7522991076616275749

318606 Dirtsage the Peltast (level 20, -8/168 HPs)
             Began as a Demonspawn Berserker on Mar 21, 2023.
             Was a Priest of Qazlal.
             Mangled by a polar bear (21 damage)
             ... created by the rage of Trog
             ... on level 2 of the Vaults on Mar 23, 2023.
             The game lasted 02:52:25 (45111 turns).

Dirtsage the Peltast (Demonspawn Berserker)        Turns: 45111, Time: 02:52:26

Health: -8/168     AC: 23    Str: 21    XL:     20   Next: 58%
Magic:  0/39       EV: 19    Int: 15    God:    Qazlal [***...]
Gold:   2239       SH: 35    Dex: 19    Spells: 19/19 levels left

rFire   + + +      SeeInvis .    A - +11 double sword of Harmony {heavy, *Noise *Corrode Int+7}
rCold   + + +      Faith    +    Z - +0 tower shield {rPois}
rNeg    + + .      Spirit   +    v - +4 moon troll leather armour {Spirit, Regen++ MP+5}
rPois   +          Reflect  .    (helmet unavailable)
rElec   .          Rampage  .    b - scarf {repulsion}
rCorr   +          Clarity  +    a - +3 pair of gloves of Lesser Demons {rF+ MP+9 Str-5 Int+4}
Will    ++...                    z - +0 pair of boots
Stlth   +                        S - amulet of faith
HPRegen 2.08/turn                f - ring "Beelokh" {rF+ rN++ Will+ rCorr Int-5}
MPRegen 0.26/turn                H - ring of Pyppalua {+Blink rF+ rC+++ Str+6 Stlth-}

@: about to teleport, repel missiles
A: horns 3, slimy green scales 2, icemail 1, powered by death 3, robust 1,
condensation shield, large bone plates 1, clarity, sturdy frame 1
}: 2/15 runes: decaying, serpentine
a: Renounce Religion, Evoke Blink, Upheaval, Elemental Force


You were on level 2 of the Vaults.
You worshipped Qazlal.
Qazlal was most pleased with you.
You visited 8 branches of the dungeon, and saw 36 of its levels.
You visited the Abyss 1 time.
You visited 1 bazaar.
You also visited: Bailey, Gauntlet, Ice Cave and Wizlab.

You collected 6063 gold pieces.
You spent 3824 gold pieces at shops.

Inventory:

Hand Weapons
 m - the +10 rapier "Boimnaso" {speed, *Corrode rF+ rC+ rN+}
   (You found it on level 2 of the Dungeon)

   rF:        It protects you from fire.
   rC:        It protects you from cold.
   rN:        It protects you from negative energy.
   *Corrode:  It may corrode you when you take damage.
 A - the +11 double sword of Harmony (weapon) {heavy, *Noise *Corrode Int+7}
   (You bought it in a shop in a bazaar)

   Int:       It affects your intelligence (+7).
   *Noise:    It may make noises in combat.
   *Corrode:  It may corrode you when you take damage.
Missiles
 p - 5 silver javelins
 W - 11 curare-tipped darts (quivered)
Armour
 a - the +3 pair of gloves of Lesser Demons (worn) {rF+ MP+9 Str-5 Int+4}
   (You found it in a Gauntlet)

   Str:       It affects your strength (-5).
   Int:       It affects your intelligence (+4).
   rF:        It protects you from fire.
   MP:        It affects your magic capacity (+9).
 b - a scarf of repulsion (worn)
 v - the +4 moon troll leather armour (worn) {Spirit, Regen++ MP+5}
   (You took it off a moon troll in a wizard's laboratory)

   MP:        It affects your magic capacity (+5).
   Regen:     It increases your rate of health regeneration.
 z - a +0 pair of boots (worn)
 U - a +0 tower shield of cold resistance
 Y - a scarf of resistance
 Z - a +0 tower shield of poison resistance (worn)
Jewellery
 f - the ring "Beelokh" (left hand) {rF+ rN++ Will+ rCorr Int-5}
   (You found it on level 1 of the Dungeon)

   [ring of willpower]

   Int:       It affects your intelligence (-5).
   rF:        It protects you from fire.
   rN:        It greatly protects you from negative energy.
   rCorr:     It protects you from acid and corrosion.
   Will:      It increases your willpower.
 r - the ring "Mulaekaodgh" {Wiz Int+3 Dex+3}
   (You found it on level 3 of the Dungeon)

   [ring of wizardry]

   It improves your spell success rate.
   Int:       It affects your intelligence (+3).
   Dex:       It affects your dexterity (+3).
 w - the ring of Viomaur {rElec EV+5 Stlth+}
   (You bought it in a shop on level 1 of the Orcish Mines)

   [ring of evasion]

   EV:        It affects your evasion (+5).
   rElec:     It insulates you from electricity.
   Stlth:     It makes you more stealthy.
 H - the ring of Pyppalua (right hand) {+Blink rF+ rC+++ Str+6 Stlth-}
   (You bought it in a shop in a bazaar)

   [ring of strength]

   Str:       It affects your strength (+6).
   rF:        It protects you from fire.
   rC:        It renders you almost immune to cold.
   +Blink:    It lets you blink.
   Stlth:     It makes you less stealthy.
 N - the ring of Ufyugar {Fly Str+8 Int-3 Dex-5 SInv}
   (You found it in a wizard's laboratory)

   [ring of see invisible]

   Str:       It affects your strength (+8).
   Int:       It affects your intelligence (-3).
   Dex:       It affects your dexterity (-5).
   SInv:      It lets you see invisible.
   Fly:       It grants you flight.
 P - a ring of flight
 S - an amulet of faith (around neck)
 V - an amulet of reflection
 X - the ring "Jawumitee" {rF+ rN+}
   (You found it in a Gauntlet)

   [ring of positive energy]

   rF:        It protects you from fire.
   rN:        It protects you from negative energy.
Wands
 j - a wand of quicksilver (21)
 D - a wand of digging (22)
Scrolls
 c - 6 scrolls of enchant armour
 g - 2 scrolls of fear
 i - 13 scrolls of identify
 k - 5 scrolls of fog
 s - 12 scrolls of enchant weapon
 t - 14 scrolls of teleportation
 u - 7 scrolls of butterflies
 y - 10 scrolls of amnesia
 B - 3 scrolls of blinking
 C - 2 scrolls of magic mapping
 J - 8 scrolls of poison
 O - 3 scrolls of silence
 T - 3 scrolls of brand weapon
Potions
 d - 11 potions of might
 e - 5 potions of brilliance
 h - 5 potions of haste
 l - 10 potions of heal wounds
 n - 2 potions of magic
 o - 8 potions of mutation
 q - 19 potions of curing
 x - 7 potions of lignification
 E - 3 potions of berserk rage
 F - 3 potions of invisibility
 I - 3 potions of flight
 M - 5 potions of attraction
 Q - a potion of ambrosia
 R - 6 potions of cancellation
Miscellaneous
 G - a phantom mirror
 K - a lightning rod (4/4)
 L - a tin of tremorstones (2/2)


   Skills:
 - Level 12.2 Fighting
 - Level 14.0(16.2) Short Blades
 - Level 13.5(16.0) Long Blades
 - Level 6.1 Axes
 - Level 12.7 Armour
 - Level 12.7 Dodging
 * Level 20.1 Shields
 - Level 0.3 Spellcasting
 + Level 4.3 Necromancy
 + Level 3.5 Transmutations
 * Level 7.7 Invocations


You had 19 spell levels left.
You didn't know any spells.
Your spell library contained the following spells:

 Spells                   Type           Power      Damage    Failure   Level
 Necrotise                Necr           52%        1d6       10%         1
 Sting                    Tmut/Pois      20%        1d4       26%         1
 Vampiric Draining        Necr           13%        2d6       28%         3
 Passwall                 Tmut/Erth      4%         N/A       38%         2
 Apportation              Tloc           0%         N/A       50%         1
 Freeze                   Ice            0%         1d3       50%         1
 Magic Dart               Conj           0%         1d3       50%         1
 Sandblast                Erth           0%         2d4       50%         1
 Slow                     Hex            0%         N/A       50%         1
 Blink                    Tloc           0%         N/A       65%         2
 Call Imp                 Summ           0%         N/A       65%         2
 Poisonous Vapours        Pois/Air       0%         N/A       65%         2
 Animate Dead             Necr           13%        N/A       67%         4
 Call Canine Familiar     Summ           0%         N/A       86%         3
 Frozen Ramparts          Ice            0%         1d1       86%         3
 Gell's Gravitas          Tloc           0%         N/A       86%         3
 Hailstorm                Conj/Ice       0%         3d3       86%         3
 Mephitic Cloud           Conj/Pois/Air  0%         N/A       86%         3
 Portal Projectile        Hex/Tloc       0%         N/A       86%         3
 Stone Arrow              Conj/Erth      0%         3d7       86%         3
 Teleport Other           Tloc           0%         N/A       86%         3
 Ice Form                 Ice/Tmut       5%         N/A       95%         4
 Agony                    Necr           13%        N/A       95%         5
 Blade Hands              Tmut           5%         N/A       98%         5
 Animate Armour           Summ/Erth      0%         N/A       99%         4
 Cause Fear               Hex            0%         N/A       99%         4
 Fulminant Prism          Conj/Hex       0%         3d5       99%         4
 Leda's Liquefaction      Hex/Erth       0%         N/A       99%         4
 Manifold Assault         Tloc           0%         N/A       99%         4
 Olgreb's Toxic Radiance  Pois           0%         N/A       99%         4
 Alistair's Intoxication  Tmut/Pois      3%         N/A       100%        5
 Fireball                 Conj/Fire      0%         3d3       100%        5
 Freezing Cloud           Conj/Ice/Air   0%         6-21      100%        5
 Iskenderun's Battlesphe  Conj           0%         2d6       100%        5
 Lee's Rapid Deconstruct  Erth           0%         3d4*      100%        5
 Summon Forest            Summ/Tloc      0%         N/A       100%        5
 Yara's Violent Unravell  Hex/Tmut       2%         3d3       100%        5
 Conjure Ball Lightning   Conj/Air       0%         3x3d6     100%        6
 Dispersal                Tloc           0%         N/A       100%        6
 Eringya's Noxious Bog    Tmut/Pois      2%         N/A       100%        6
 Iron Shot                Conj/Erth      0%         9d1       100%        6
 Simulacrum               Ice/Necr       3%         N/A       100%        6
 Statue Form              Tmut/Erth      3%         N/A       100%        6
 Dragon Form              Tmut           5%         N/A       100%        7
 Enfeeble                 Hex            0%         N/A       100%        7
 Orb of Destruction       Conj           0%         9d5       100%        7
 Ozocubu's Refrigeration  Ice            0%         4d7       100%        7
 Storm Form               Tmut/Air       2%         N/A       100%        7
 Summon Hydra             Summ           0%         N/A       100%        7
 Borgnjor's Revivificati  Necr           6%         N/A       100%        8
 Discord                  Hex            0%         N/A       100%        8
 Ignition                 Fire           0%         3d3       100%        8
 Necromutation            Tmut/Necr      6%         N/A       100%        8
 Death's Door             Necr           6%         N/A       100%        9
 Dragon's Call            Summ           0%         N/A       100%        9
 Polar Vortex             Ice            0%         N/A       100%        9


Dungeon Overview and Level Annotations

Branches:
Dungeon (15/15)            Temple (1/1) D:6            Lair (5/5) D:9
  Swamp (4/4) Lair:3        Snake (4/4) Lair:2        Slime (0/5) Lair:4
    Orc (2/2) D:11            Elf (3/3) Orc:2        Vaults (2/5) D:13
 Depths (0/4) D:15         Bailey (visited)           IceCv (visited)
 WizLab (visited)         Gauntlet (visited)
  Crypt: Vaults:2-3

Altars:
Ashenzari
Cheibriados
Dithmenos
Fedhas
Gozag
Hepliaklqana
Kikubaaqudgha
Makhleb
Nemelex Xobeh
Okawaru
Qazlal
Ru
Sif Muna
Trog
Uskayaw
Vehumet
Wu Jian
Xom
Yredelemnul
Jiyva

Shops:
D:7 :   Orc:1 =   Orc:2 *(:!*   Elf:1 !   Snake:3 =(   Snake:4 *   Vaults:1 (

Portals:
Trove: D:12 (show abyssal rune of Zot)

Annotations:
D:9 2 transporters
Snake:4 Vashnia


Innate Abilities, Weirdness & Mutations

You have a pair of large horns on your head.
You are mostly covered in slimy green scales. (AC +3)
A meltable icy envelope protects you from harm. (AC +4)
You regenerate a lot of health from kills.
You are robust. (+10% HP)
A meltable shield of frost defends you. (SH +4)
You are partially covered in large bone plates. (SH +4)
You possess an exceptional clarity of mind.
Your movements are slightly less encumbered by armour. (ER -2)


Message History

The polar bear closely misses you.
The black bear bites you but does no damage.
The black bear claws you. The black bear completely misses you.
The polar bear completely misses you. You block the polar bear's attack.
The polar bear completely misses you. The polar bear bites you.
The polar bear completely misses you. The polar bear misses you.
The stone giant hits you!!!
You take 48 damage, and have 67/168 hp.
MASSIVE DAMAGE!!
You now have 14/39 mp.
You slash the stone giant! You headbutt the stone giant.
The stone giant is severely wounded.
You block the polar bear's attack. The polar bear barely misses you.
The polar bear closely misses you. You block the stone giant's attack.
The polar bear bites you. The polar bear completely misses you.
The polar bear misses you. You block the polar bear's attack. x2
The polar bear misses you. The black bear completely misses you.
The black bear claws you but does no damage.
The black bear completely misses you. The polar bear barely misses you. x2
The polar bear closely misses you. The stone giant misses you.
The polar bear closely misses you. The polar bear barely misses you.
The polar bear closely misses you. The black bear barely misses you.
You block the black bear's attack. The black bear claws you.
The polar bear barely misses you.
The polar bear claws you but does no damage.
You block the polar bear's attack.
You now have 13/39 mp.
You slash the stone giant!
You headbutt the stone giant, but do no damage.
The stone giant is severely wounded.
The stone giant hits you!!!
* * * LOW HITPOINT WARNING * * *
You block the polar bear's attack. The polar bear completely misses you.
You block the polar bear's attack. x2; The polar bear completely misses you.
You block the polar bear's attack. The polar bear bites you!
* * * LOW HITPOINT WARNING * * *
You block the polar bear's attack. The polar bear completely misses you.
The black bear closely misses you. The black bear misses you.
The black bear barely misses you.
The cyclops rages.
The polar bear bites you!!
You die...

#...# #....#
#...# #....#
#...# #....#
######...#
#...^#
.........#
#####....#
.........#
#...#....#
...†.....#
#...#....#
..†......#
+###C..#....#
#####....#
#C@h#'##....#
#....#
#hhh#.##....#
#....#
#.h.####....#
#....#
+###'..'....#
....#
#...#....#
..#
#...#....#
#####....#
#....# #./..#


You could see a stone giant (berserk), a cyclops (berserk), 3 polar bears and 2
black bears.

Vanquished Creatures
  An ancient lich (Abyss:3)
  Jory (Vaults:2)
  Nikola (Snake:1)
  Jorgrun (Snake:2)
  A moon troll (WizLab)
  A quicksilver dragon (WizLab)
  2 deep elf master archers (Elf:3)
  10 tentacled starspawn
  2 deep elf blademasters (Elf:2)
  Kirke (D:14)
  A thorn hunter (Swamp:3)
  A tengu reaver (D:12)
  A nagaraja (Snake:4)
  Roxanne (Snake:2)
  5 deep elf sorcerers
  3 vault wardens
  Aizul (Snake:2)
  Louise (D:14)
  7 deep elf elementalists
  An orc warlord (Orc:1)
  2 war gargoyles
  A cacodemon (WizLab)
  7 very ugly things
  6 stone giants
  8 ironbound preservers
  5 ironbound thunderhulks
  A reaper (IceCv)
  8 deep elf demonologists
  5 eleionomae
  Azrael (Orc:2)
  4 dire elephants
  4 bunyips
  A minotaur (Gauntlet)
  3 deep elf annihilators
  2 crystal guardians (WizLab)
  A green death (Gauntlet)
  4 deep elf death magi
  An ettin (D:15)
  2 deep elf high priests (Elf:2)
  2 entropy weavers
  Harold (D:11)
  6 yaktaur captains
  3 salamander tyrants (Snake:4)
  11 great orbs of eyes
  A rakshasa (D:15)
  A vault guard (Vaults:2)
  2 ogre magi (Orc:2)
  9 hydras
  7 centaur warriors
  An ironbound frostheart (Vaults:1)
  7 anacondas
  6 alligators
  28 dancing weapons
  16 two-headed ogres
  5 death yaks
  A two-headed ogre (shapeshifter) (Elf:3)
  2 thrashing horrors (Abyss:3)
  3 tengu warriors
  A shock serpent (Snake:3)
  2 orc high priests
  17 naga sharpshooters
  14 naga warriors
  13 deep elf knights
  A sun demon (Abyss:3)
  A wretched star (Abyss:3)
  Sonja (D:10)
  A skeletal warrior (D:13)
  3 sea snakes (Snake:2)
  4 goliath frogs
  A skyshark (Lair:2)
  2 salamander mystics
  A flayed ghost (D:12)
  A sixfirhy (Abyss:3)
  24 deep trolls
  6 large abominations
  A spatial maelstrom (Abyss:3)
  5 glowing orange brains (WizLab)
  3 spriggan druids
  7 deep elf archers
  2 swamp dragons (Swamp:4)
  An orange crystal statue (WizLab)
  5 naga ritualists
  Pikel (D:9)
  10 bog bodies
  4 wizards
  6 orc knights
  6 mana vipers
  2 lindwurms (Vaults:1)
  10 ugly things
  7 ironbound convokers
  A phantasmal warrior (Swamp:4)
  A harpy (Vaults:1)
  3 necromancers (Elf:1)
  6 orc sorcerers
  22 deep elf zephyrmancers
  26 deep elf pyromancers
  14 salamanders
  5 cyclopes
  3 manticores
  4 will-o-the-wisps
  13 naga magi
  5 elephants (Lair:4)
  5 guardian serpents
  A guardian serpent (shapeshifter) (D:15)
  A naga zombie (Abyss:3)
  A cane toad (shapeshifter) (D:13)
  2 ice statues (IceCv)
  32 black mambas
  4 gargoyles
  7 eyes of devastation (WizLab)
  A torpor snail (Lair:1)
  10 cane toads
  5 vault sentinels
  2 orange demons
  An unseen horror (D:12)
  2 freezing wraiths
  A kobold demonologist (Bailey)
  2 anaconda simulacra (IceCv)
  3 swamp worm zombies (Swamp:4)
  3 tengu conjurers
  5 komodo dragons
  8 yaktaurs (Vaults:1)
  An ancient zyme (Abyss:3)
  8 ice devils
  A troll (shapeshifter) (D:13)
  13 hornets
  A hydra zombie (Swamp:4)
  A meliai (D:12)
  8 starcursed masses (WizLab)
  17 trolls
  7 polar bears
  A tarantella (Vaults:2)
  10 tyrant leeches
  6 raiju (Abyss:3)
  5 dream sheep
  5 blink frogs
  3 alligator zombies (Swamp:4)
  4 spectral swamp dragons (Swamp:4)
  22 slime creatures
  3 air elementals
  Sigmund (D:2)
  23 spriggans
  2 shadows
  A centaur simulacrum (D:14)
  2 water elementals
  2 vampires
  41 yaks
  4 wraiths
  A ynoxinul (Abyss:3)
  A human (shapeshifter) (Vaults:1)
  3 wyverns
  5 fire elementals
  3 basilisks
  2 steam dragons
  3 hogs (D:14)
  A golden eye (shapeshifter) (D:12)
  A chaos spawn (Abyss:3)
  Grum (D:9)
  2 redbacks (Vaults:1)
  18 vampire mosquitoes
  The ghost of hackum the Shooter, an amateur MfHu (D:3)
  6 wargs
  40 nagas
  12 swamp worms
  2 acid dragons (D:13)
  12 water moccasins
  4 hell hounds
  A floating eye (Abyss:3)
  2 hydra simulacra (IceCv)
  5 ice beasts
  A meliai simulacrum (D:15)
  5 swamp drakes
  37 orc warriors
  2 sky beasts (D:7)
  2 swamp dragon zombies (Swamp:4)
  9 black bears
  9 centaurs
  15 boggarts
  22 wolves
  3 phantoms
  32 ogres
  3 lemures (D:9)
  4 elf zombies (Elf:1)
  5 kobold brigands
  4 small abominations (Abyss:3)
  Blork the orc (D:6)
  7 bullfrogs
  A gnoll sergeant (Orc:2)
  3 two-headed ogre simulacra (IceCv)
  2 scorpions
  2 earth elementals
  3 wights (D:7)
  An elephant simulacrum (IceCv)
  26 killer bees
  A vampire bat (Abyss:3)
  2 howler monkeys
  2 electric eels (Bailey)
  A hound (D:6)
  12 orc priests
  3 jellies
  An iron imp (Abyss:3)
  Jessica (D:2)
  2 iguanas
  14 orc wizards
  Natasha (D:2)
  2 polar bear simulacra (IceCv)
  A troll simulacrum (IceCv)
  A wolf simulacrum (IceCv)
  19 gnolls
  3 swamp drake zombies (Swamp:4)
  12 adders
  3 naga simulacra (IceCv)
  2 shadow imps
  6 white imps
  4 ufetubi (IceCv)
  2 worms
  3 dart slugs
  47 orcs
  4 ball pythons
  4 bats
  10 endoplasms
  4 giant cockroaches
  23 goblins
  18 hobgoblins
  11 jackals
  21 kobolds
  2 quokkas
  3 frilled lizards (D:1)
  4 rats
  A briar patch (Swamp:3)
  10 starspawn tentacles
1360 creatures vanquished.

Vanquished Creatures (collateral kills)
  A bone dragon (Swamp:4)
  A nagaraja (Snake:4)
  The ghost of Dirtsage the Black Belt, a journeyman DsBe of Trog (Orc:2)
  An ironbound preserver (Vaults:1)
  An orc warlord (Orc:2)
  A hydra (Swamp:4)
  A ghost crab (Swamp:4)
  An ironbound frostheart (Vaults:1)
  A hell beast (Gauntlet)
  A centaur warrior (Vaults:1)
  A naga warrior (Snake:4)
  A naga sharpshooter (Snake:4)
  A sixfirhy (Abyss:3)
  A death drake (Swamp:4)
  A deep troll (Vaults:1)
  A spectral hydra (Swamp:4)
  A guardian serpent (Snake:4)
  A hydra zombie (Swamp:4)
  A warg (D:9)
  A naga (Snake:4)
  A swamp worm (Swamp:4)
  An orc warrior (Orc:2)
  3 swamp dragon zombies (Swamp:4)
  A phantom (Swamp:4)
  A killer bee (D:9)
  An orc (Orc:2)
28 creatures vanquished.

Vanquished Creatures (others)
  A deep elf knight (Elf:3)
  A spriggan druid (Swamp:4)
  A phantasmal warrior (Swamp:4)
  A deep elf zephyrmancer (Elf:2)
  A deep elf pyromancer (Elf:2)
  3 bloated husks
  A golden eye (shapeshifter) (D:9)
  2 boggarts
  5 phantoms (Swamp:4)
  An orc (D:7)
  2 demonic plants (WizLab)
  18 foxfires
  12 fungi (Lair:5)
  A lurking horror (Abyss:3)
  20 plants
  20 starspawn tentacles
90 creatures vanquished.

Grand Total: 1478 creatures vanquished

Notes
Turn   | Place    | Note
-------+----------+-------------------------------------------
     0 | D:1      | Dirtsage the Demonspawn Berserker began the quest for the
                  | Orb.
     0 | D:1      | Reached XP level 1. HP: 18/18 MP: 1/1
   140 | D:1      | Gained mutation: You regenerate a little health from kills.
                  | [demonic ancestry]
   140 | D:1      | Reached XP level 2. HP: 24/24 MP: 2/2
   248 | D:1      | Identified the ring "Beelokh" {rF+ rN++ Will+ rCorr Int-5}
   473 | D:1      | Saving game... please wait.
   561 | D:1      | Reached XP level 3. HP: 24/29 MP: 3/3
   596 | D:1      | Reached ** piety under Trog
  1106 | D:2      | Noticed Jessica
  1110 | D:2      | Killed Jessica
  1111 | D:2      | Reached XP level 4. HP: 35/35 MP: 4/4
  1226 | D:2      | Identified the +10 rapier "Boimnaso" {speed, *Corrode rF+
                  | rC+ rN+}
  1344 | D:2      | Identified the +1 long sword of the Pariah {holy, rElec
                  | Str+2 Int+2}
  1402 | D:2      | Noticed Sigmund
  1408 | D:2      | Killed Sigmund
  1409 | D:2      | Reached XP level 5. HP: 41/41 MP: 5/5
  1582 | D:2      | Noticed Natasha
  1587 | D:2      | Killed Natasha
  1588 | D:2      | Gained mutation: You regenerate health from kills. [demonic
                  | ancestry]
  1588 | D:2      | Reached XP level 6. HP: 43/47 MP: 6/6
  1701 | D:3      | Reached skill level 1 in Short Blades
  1749 | D:3      | Found a runed translucent door.
  1750 | D:3      | Noticed hackum's ghost (amateur MfHu)
  1765 | D:3      | Killed hackum's ghost
  1770 | D:3      | Identified the ring "Mulaekaodgh" {Wiz Int+3 Dex+3}
  2327 | D:4      | Found a broken altar of Ashenzari.
  2328 | D:4      | Noticed an ice beast
  2335 | D:4      | Killed an ice beast
  2336 | D:4      | Gained mutation: You have a pair of small horns on your
                  | head. [demonic ancestry]
  2336 | D:4      | Reached XP level 7. HP: 52/52 MP: 7/7
  2372 | D:4      | Got the Directory of Focus
  2553 | D:4      | Reached *** piety under Trog
  3103 | D:4      | Reached skill level 5 in Short Blades
  3252 | D:5      | Entered Level 5 of the Dungeon
  3689 | D:5      | Reached XP level 8. HP: 57/58 MP: 8/8
  3781 | D:6      | Reached **** piety under Trog
  4015 | D:6      | Found a staircase to the Ecumenical Temple.
  4028 | Temple   | Entered the Ecumenical Temple
  4331 | D:6      | Noticed Blork the orc
  4344 | D:6      | Killed Blork the orc
  4494 | D:6      | Reached skill level 5 in Fighting
  4518 | D:6      | Gained mutation: You regenerate a lot of health from kills.
                  | [demonic ancestry]
  4518 | D:6      | Reached XP level 9. HP: 31/68 MP: 9/9
  5434 | D:7      | Found Rirrao's Book Shoppe.
  5591 | D:8      | Noticed a two-headed ogre
  5602 | D:8      | Reached skill level 10 in Short Blades
  5606 | D:8      | Killed a two-headed ogre
  5607 | D:8      | Gained mutation: A meltable shield of frost defends you.
                  | (SH +4) [demonic ancestry]
  5607 | D:8      | Reached XP level 10. HP: 39/79 MP: 10/10
  5916 | D:8      | Noticed a two-headed ogre
  5924 | D:8      | Killed a two-headed ogre
  6394 | D:9      | Found a flagged portal.
  6401 | Bailey   | Entered a bailey
  6666 | Bailey   | Found an iron altar of Okawaru.
  6666 | Bailey   | Noticed an orc high priest
  6669 | Bailey   | Noticed a smoke demon
  6688 | Bailey   | Killed an orc high priest
  6761 | Bailey   | Identified the +4 dagger "Bijasimy" {heavy, rC+}
  7185 | Bailey   | Gained mutation: You are partially covered in slimy green
                  | scales. (AC +2) [demonic ancestry]
  7185 | Bailey   | Reached XP level 11. HP: 78/89 MP: 11/11
  7325 | D:9      | Noticed Pikel
  7339 | D:9      | Killed Pikel
  7388 | D:9      | Found a staircase to the Lair.
  7515 | D:9      | Noticed Grum
  7523 | D:9      | Noticed a brown ugly thing
  7528 | D:9      | Noticed a tengu warrior
  7529 | D:9      | Killed Grum
  7530 | D:9      | Noticed a tengu warrior
  7531 | D:9      | Noticed an entropy weaver
  7533 | D:9      | an entropy weaver changed into a salamander
  7762 | D:9      | Identified the ring "Widat" {rCorr Dex+6}
  7764 | D:9      | Found a transporter.
  7764 | D:9      | Identified the ring of the Duke {Fly rPois Int+2}
  7779 | D:9      | Found a transporter.
  7848 | D:9      | a manticore changed into a lindwurm
  7848 | D:9      | Noticed a lindwurm (shapeshifter)
  7934 | D:9      | a swamp worm changed into a sea snake
  7934 | D:9      | Noticed a sea snake (shapeshifter)
  7958 | Lair:1   | Entered Level 1 of the Lair of Beasts
  8287 | Lair:1   | Reached skill level 10 in Fighting
  8452 | Lair:1   | Identified the +2 mace of Insomnia {speed, rPois rF- rCorr}
  9712 | Lair:2   | Found a staircase to the Snake Pit.
  9739 | Lair:2   | Noticed a skyshark
  9746 | Lair:2   | Killed a skyshark
  9747 | Lair:2   | Reached skill level 1 in Shields
  9818 | Lair:2   | Gained mutation: You are mostly covered in slimy green
                  | scales. (AC +3) [demonic ancestry]
  9818 | Lair:2   | Reached XP level 12. HP: 99/99 MP: 12/12
  9858 | Lair:2   | You fall into a shaft and drop 2 floors!
  9871 | Lair:4   | Reached skill level 2 in Shields
 10043 | Lair:4   | Found a viscous altar of Jiyva.
 10044 | Lair:4   | Found a staircase to the Slime Pits.
 10085 | Lair:3   | Reached skill level 3 in Shields
 10321 | Lair:3   | Reached skill level 4 in Shields
 10330 | Lair:3   | Found a staircase to the Swamp.
 11597 | Swamp:1  | Entered Level 1 of the Swamp
 11597 | Swamp:1  | Noticed an alligator
 11638 | Lair:4   | Reached skill level 5 in Shields
 11799 | Lair:4   | Reached ***** piety under Trog
 11806 | Lair:4   | Reached skill level 6 in Shields
 11972 | Lair:4   | Noticed a death yak
 11972 | Lair:4   | Noticed a death yak
 11972 | Lair:4   | Noticed a death yak
 11972 | Lair:4   | Noticed a death yak
 11992 | Lair:4   | Killed a death yak
 11996 | Lair:4   | Killed a death yak
 12003 | Lair:4   | Killed a death yak
 12004 | Lair:4   | Reached skill level 5 in Armour
 12004 | Lair:4   | Reached skill level 5 in Dodging
 12009 | Lair:4   | Killed a death yak
 12353 | Lair:5   | Entered Level 5 of the Lair of Beasts
 12377 | Lair:4   | Reached skill level 7 in Shields
 12524 | Lair:5   | Reached XP level 13. HP: 102/105 MP: 13/13
 13324 | Lair:5   | Reached skill level 8 in Shields
 13759 | Lair:5   | Reached skill level 9 in Shields
 14191 | D:10     | Entered Level 10 of the Dungeon
 14197 | D:10     | Found a burning altar of Makhleb.
 14197 | D:10     | Found a blossoming altar of Fedhas.
 14201 | D:10     | Found a hazy altar of Hepliaklqana.
 14203 | D:10     | Found a shadowy altar of Dithmenos.
 14204 | D:10     | Found a bloodstained altar of Trog.
 14252 | D:10     | Received a gift from Trog
 14519 | D:10     | Noticed Sonja
 14530 | D:10     | Killed Sonja
 14997 | D:11     | Found a gate leading to a gauntlet.
 15003 | Gauntlet | Entered a Gauntlet
 15003 | Gauntlet | Found a transporter.
 15008 | Gauntlet | Found a runed translucent door.
 15010 | Gauntlet | Found a transporter.
 15012 | Gauntlet | Found a runed translucent door.
 15022 | Gauntlet | Found a transporter.
 15036 | Gauntlet | Found a large runed translucent door.
 15036 | Gauntlet | Found a large runed translucent door.
 15037 | Gauntlet | Found a large runed translucent door.
 15037 | Gauntlet | Found a large runed translucent door.
 15038 | Gauntlet | Found a large runed translucent door.
 15038 | Gauntlet | Found a large runed translucent door.
 15038 | Gauntlet | Found a large runed translucent door.
 15038 | Gauntlet | Found a large runed translucent door.
 15039 | Gauntlet | Found a runed translucent door.
 15039 | Gauntlet | Found a runed translucent gate.
 15044 | Gauntlet | Found a transporter.
 15056 | Gauntlet | Found a transporter.
 15069 | Gauntlet | Found a runed translucent door.
 15073 | Gauntlet | Found a transporter.
 15073 | Gauntlet | Noticed a green death
 15085 | Gauntlet | Found a transporter.
 15096 | Gauntlet | Found a transporter.
 15108 | Gauntlet | Found a large runed translucent door.
 15109 | Gauntlet | Found a large runed translucent door.
 15109 | Gauntlet | Found a large runed translucent door.
 15109 | Gauntlet | Found a large runed translucent door.
 15110 | Gauntlet | Found a large runed translucent door.
 15110 | Gauntlet | Found a large runed translucent door.
 15111 | Gauntlet | Found a runed translucent gate.
 15111 | Gauntlet | Found a runed translucent door.
 15112 | Gauntlet | Found a large runed translucent door.
 15113 | Gauntlet | Found a large runed translucent door.
 15118 | Gauntlet | Found a transporter.
 15131 | Gauntlet | Found a transporter.
 15148 | Gauntlet | Found a transporter.
 15149 | Gauntlet | Found a transporter.
 15214 | Gauntlet | Found a runed translucent gate.
 15214 | Gauntlet | Found a transporter.
 15217 | Gauntlet | Found a transporter.
 15338 | Gauntlet | Identified the ring "Jawumitee" {rF+ rN+}
 15500 | Gauntlet | Killed a green death
 15517 | Gauntlet | Identified the +3 pair of gloves of Lesser Demons {rF+ MP+9
                  | Str-5 Int+4}
 15603 | Gauntlet | Noticed a minotaur
 15616 | Gauntlet | Killed a minotaur
 15642 | Gauntlet | Identified the staff of cold "Ocamyzos" {rC+ Will+ Str+2}
 15827 | D:11     | Found a staircase to the Orcish Mines.
 16211 | D:11     | Identified a scroll of acquirement
 16212 | D:11     | Acquired 1086 gold pieces
 16225 | D:11     | Noticed Harold
 16251 | D:11     | Killed Harold
 16655 | D:12     | Noticed a tengu reaver
 16682 | D:12     | Killed a tengu reaver
 16683 | D:12     | Reached skill level 10 in Shields
 16703 | D:12     | Noticed a war gargoyle
 16758 | D:12     | Killed a war gargoyle
 17171 | D:12     | Gained mutation: You have a pair of horns on your head.
                  | [demonic ancestry]
 17171 | D:12     | Reached XP level 14. HP: 107/111 MP: 14/14
 17363 | D:12     | Found a portal to a secret trove of treasure.
 17708 | D:12     | Found a hazy altar of Hepliaklqana.
 17903 | D:12     | Identified the +5 trident of Cobwebs {heavy, rCorr Int+4}
 18036 | Orc:1    | Entered Level 1 of the Orcish Mines
 18322 | Orc:2    | Entered Level 2 of the Orcish Mines
 18489 | Orc:2    | Found a staircase to the Elven Halls.
 18556 | Orc:2    | Noticed Azrael
 18576 | Orc:2    | Killed Azrael
 18628 | Orc:2    | Found a runed translucent gate.
 18645 | Orc:2    | Noticed an orc warlord
 18657 | Orc:2    | Killed an orc warlord
 18721 | Orc:2    | Reached skill level 11 in Shields
 18958 | Orc:2    | Found Bukk's Antique Weapon Boutique.
 19011 | Orc:2    | Found a frozen archway.
 19024 | Orc:2    | Reached skill level 12 in Shields
 19042 | IceCv    | Entered an ice cave
 19176 | IceCv    | Saving game... please wait.
 19176 | IceCv    | Upgraded the game from 0.30-a0-920-g7493c07aab to
                  | 0.30-a0-924-g0ad0bf95bc
 19211 | IceCv    | Reached ****** piety under Trog
 19524 | IceCv    | Noticed a reaper
 19550 | IceCv    | Killed a reaper
 19764 | Orc:2    | Found Icheej's Book Boutique.
 19770 | Orc:2    | Found Kualli's Assorted Antiques.
 19775 | Orc:2    | Found Ragufy's Distillery.
 19778 | Orc:2    | Bought a polished chain mail for 380 gold pieces
 19778 | Orc:2    | Identified the +6 chain mail of the Undertaker {rElec
                  | Int+3} (You bought it in a shop on level 2 of the Orcish
                  | Mines)
 20006 | Orc:2    | Noticed Dirtsage's ghost (journeyman DsBe)
 20007 | Orc:2    | Found a runed translucent gate.
 20007 | Orc:2    | Found a runed translucent gate.
 20007 | Orc:2    | Found an opulent altar of Gozag.
 20202 | Orc:2    | Found Pequggush's Assorted Antiques.
 20263 | Orc:2    | Killed Dirtsage's ghost
 20391 | Orc:2    | Bought a scroll of enchant weapon for 142 gold pieces
 20391 | Orc:2    | Bought a scroll of enchant weapon for 142 gold pieces
 20422 | Elf:1    | Entered Level 1 of the Elven Halls
 20455 | Orc:1    | Found Kegaujoi's Jewellery Shop.
 20475 | Orc:1    | Bought the ring of Viomaur {rElec EV+5 Stlth+} for 633 gold
                  | pieces
 20489 | Orc:1    | Noticed an orc warlord
 20507 | Orc:1    | Gained mutation: You have a pair of large horns on your
                  | head. [demonic ancestry]
 20507 | Orc:1    | Reached XP level 15. HP: 117/117 MP: 15/15
 20656 | Orc:1    | Received a gift from Trog
 21116 | Elf:1    | Found a radiant altar of Vehumet.
 21549 | Swamp:1  | Reached skill level 13 in Shields
 21722 | Swamp:1  | Reached skill level 1 in Long Blades
 22085 | Swamp:1  | Reached skill level 10 in Armour
 22333 | Swamp:1  | Identified the +6 trident of Nacaisi {drain, rElec rC+
                  | rCorr Int-3}
 22414 | Swamp:2  | Reached skill level 10 in Dodging
 23331 | Swamp:3  | Noticed a thorn hunter
 23382 | Swamp:3  | Killed a thorn hunter
 23924 | Swamp:4  | Entered Level 4 of the Swamp
 23986 | Swamp:4  | Received a gift from Trog
 23987 | Swamp:4  | Reached skill level 14 in Shields
 23989 | Swamp:4  | Gained mutation: A meltable icy envelope protects you from
                  | harm. (AC +4) [demonic ancestry]
 23989 | Swamp:4  | Reached XP level 16. HP: 35/124 MP: 16/16
 24172 | Swamp:4  | Reached skill level 5 in Long Blades
 24808 | Swamp:4  | Noticed a bone dragon
 24831 | Swamp:4  | Killed a bone dragon
 24863 | Swamp:4  | Got a decaying rune of Zot
 24946 | Snake:1  | Entered Level 1 of the Snake Pit
 24956 | Snake:1  | Noticed Nikola
 24977 | Snake:1  | Killed Nikola
 26775 | Snake:2  | Received a gift from Trog
 26800 | Snake:2  | Noticed Jorgrun
 26822 | Snake:2  | Killed Jorgrun
 26985 | Snake:2  | Reached skill level 15 in Shields
 27309 | Snake:2  | Noticed Aizul
 27339 | Snake:2  | Killed Aizul
 27447 | Snake:2  | Noticed Roxanne
 27479 | Snake:2  | Killed Roxanne
 28400 | Snake:3  | Found Celolomn's Jewellery Shoppe.
 28421 | Snake:3  | Found a flickering gateway to a bazaar.
 28430 | Bazaar   | Entered a bazaar
 28454 | Bazaar   | Found Ytunod's Distillery.
 28459 | Bazaar   | Bought a potion of heal wounds for 45 gold pieces
 28459 | Bazaar   | Bought a potion of might for 36 gold pieces
 28459 | Bazaar   | Bought a potion of mutation for 72 gold pieces
 28459 | Bazaar   | Bought a potion of might for 36 gold pieces
 28459 | Bazaar   | Bought a potion of haste for 90 gold pieces
 28465 | Bazaar   | Found Vepiaset's Jewellery Emporium.
 28517 | Bazaar   | Found Xukeleud's Assorted Antiques.
 28564 | Bazaar   | Found Uhien's Magic Scroll Shoppe.
 28605 | Bazaar   | Found Kyrchoon's Jewellery Shoppe.
 28610 | Bazaar   | Bought an amulet of reflection for 540 gold pieces
 28650 | Bazaar   | Bought a buzzing double sword for 440 gold pieces
 28650 | Bazaar   | Identified the +11 double sword of Harmony {heavy, *Noise
                  | *Corrode Int+7} (You bought it in a shop in a bazaar)
 28693 | Bazaar   | Bought the ring of Pyppalua {+Blink rF+ rC+++ Str+6 Stlth-}
                  | for 1268 gold pieces
 28880 | Snake:3  | Found Muciutal's Weapon Shoppe.
 29040 | Snake:3  | Reached XP level 17. HP: 130/130 MP: 17/17
 29583 | Snake:4  | Entered Level 4 of the Snake Pit
 30227 | Snake:4  | Found Viehucar's Mass Market.
 30383 | Snake:4  | Received a gift from Trog
 31105 | Snake:4  | Noticed Vashnia
 31509 | Snake:4  | Reached skill level 16 in Shields
 31563 | Snake:4  | Got a serpentine rune of Zot
 31938 | Elf:1    | Found Olary's Distillery.
 31969 | Elf:1    | Received a gift from Trog
 32052 | Elf:1    | Got Puvvam's Catalogue of Exhumation
 32952 | Elf:1    | Reached skill level 10 in Long Blades
 33301 | Abyss:3  | Cast into level 3 of the Abyss (a deep elf sorcerer)
 33386 | Abyss:3  | Found a corrupted altar of Lugonu.
 33580 | Abyss:3  | Received a gift from Trog
 33667 | Abyss:3  | Reached XP level 18. HP: 136/136 MP: 18/18
 33731 | Abyss:3  | Paralysed by a floating eye for 2 turns
 33733 | Abyss:3  | Noticed an ancient lich
 33741 | Abyss:3  | Killed an ancient lich
 33917 | Elf:2    | Escaped the Abyss
 34335 | Elf:2    | Paralysed by an air elemental for 1 turns
 34351 | Elf:2    | Paralysed by an air elemental for 1 turns
 34520 | Elf:2    | Found a runed translucent gate.
 34522 | Elf:2    | Found a runed translucent gate.
 34523 | Elf:2    | Found a runed translucent gate.
 34872 | Elf:2    | Reached skill level 17 in Shields
 35224 | Elf:3    | Entered Level 3 of the Elven Halls
 35246 | Elf:3    | Paralysed by an air elemental for 1 turns
 35877 | Elf:3    | Noticed a Hell Sentinel
 35878 | Elf:3    | Noticed a Hell Sentinel
 35939 | Elf:3    | Noticed an Ice Fiend
 36293 | Elf:3    | Noticed a Brimstone Fiend
 36294 | Elf:3    | Received a gift from Trog
 36296 | Elf:3    | Noticed a Tzitzimitl
 36512 | Elf:3    | Noticed a Hell Sentinel
 36553 | Elf:3    | Noticed a Brimstone Fiend
 36646 | Elf:3    | Noticed an Ice Fiend
 36845 | Elf:3    | Identified the staff of fire "Qaurch" {rF+ rN+ Dex+2
                  | Stlth+}
 36935 | Elf:3    | Found the +5 scythe "Finisher" {speed, eviscerate}
 36960 | Elf:3    | Identified the +6 spear "Goblinslayer" {venom, MP+9}
 36966 | Elf:3    | Identified the +11 sling of Zogasiuphu {drain, rN++}
 36972 | Elf:3    | Gained mutation: Your spells are a little easier to cast,
                  | but a little less powerful. [a neqoxec]
 36974 | Elf:3    | Gained mutation: Your body sometimes deteriorates upon
                  | taking damage. [a neqoxec]
 36975 | Elf:3    | Noticed a Hell Sentinel
 36986 | Elf:3    | Gained mutation: You are robust. (+10% HP) [demonic
                  | ancestry]
 36986 | Elf:3    | Reached XP level 19. HP: 138/157 MP: 19/19
 37077 | Elf:3    | Lost mutation: Your spells are a little easier to cast, but
                  | a little less powerful. [potion of mutation]
 37077 | Elf:3    | Lost mutation: Your body sometimes deteriorates upon taking
                  | damage. [potion of mutation]
 37077 | Elf:3    | Gained mutation: Your movements are slightly less
                  | encumbered by armour. (ER -2) [potion of mutation]
 37077 | Elf:3    | Gained mutation: You possess an exceptional clarity of
                  | mind. [potion of mutation]
 37077 | Elf:3    | Gained mutation: You are partially covered in large bone
                  | plates. (SH +4) [potion of mutation]
 37102 | Elf:3    | Identified the +5 quarterstaff of Disharmony {flame, SInv}
 37455 | Elf:3    | Received a gift from Trog
 38240 | D:13     | Found a gate to the Vaults.
 38941 | Vaults:1 | Entered Level 1 of the Vaults
 38954 | Vaults:1 | Found a magical portal.
 38974 | WizLab   | Entered Lehudib's Moon Base
 39018 | WizLab   | Found a transporter.
 39126 | WizLab   | Reached skill level 18 in Shields
 39191 | WizLab   | Received a gift from Trog
 39745 | WizLab   | Paralysed by accursed screaming for 1 turns
 39961 | WizLab   | Found a transporter.
 40180 | WizLab   | Identified the amulet of Democracy {Faith Rampage Int-5
                  | Dex+2 Slay+5}
 40524 | WizLab   | Identified the ring of Ufyugar {Fly Str+8 Int-3 Dex-5 SInv}
 40528 | WizLab   | Identified the staff of air "Siwi" {Fragile rElec Str+5
                  | Int+4 SInv}
 40992 | Vaults:1 | Reached skill level 19 in Shields
 41114 | Vaults:1 | Received a gift from Trog
 41491 | Temple   | Fell from the grace of Trog
 41491 | Temple   | Became a worshipper of Qazlal Stormbringer
 41672 | D:14     | Found an ornate altar of the Wu Jian Council.
 41716 | D:14     | Noticed Kirke
 41723 | D:14     | Killed Kirke
 41724 | D:14     | Reached skill level 1 in Invocations
 41767 | D:14     | Reached XP level 20. HP: 168/168 MP: 21/21
 41800 | D:14     | Noticed Louise
 41815 | D:14     | Killed Louise
 42385 | D:14     | Reached skill level 1 in Necromancy
 42397 | D:14     | Reached skill level 1 in Transmutations
 42588 | D:15     | Entered Level 15 of the Dungeon
 42770 | D:15     | Reached * piety under Qazlal
 43140 | D:15     | Found a staircase to the Depths.
 43189 | D:15     | Found a shimmering blue altar of Sif Muna.
 43822 | Vaults:1 | Reached skill level 5 in Invocations
 43832 | Vaults:1 | Reached ** piety under Qazlal
 44644 | Vaults:1 | Found Dodeikic's Weapon Shoppe.
 44683 | Vaults:2 | Noticed Jory
 44699 | Vaults:2 | Killed Jory
 44709 | Vaults:2 | Reached *** piety under Qazlal
 44719 | Vaults:2 | Reached skill level 20 in Shields
 45111 | Vaults:2 | Mangled by a polar bear

Illustrated notes

Levels and vault maps discovered:
D:1:      minmay_arrival_semitransparent, layout_loops_ring, minivault_5
D:2:      layout_loops_cross, dreamdust_mushroom_princess, uniq_sigmund,
          uniq_natasha, uniq_jessica
D:3:      layout_loops_ring, ebering_ghost_inner_flame
D:4:      layout_layer_cave, mainiacjoe_overflow_cross_hatched, st_stairs_9,
          dk_noncrumbling_2, kennysheep_boxes
D:5:      layout_rooms, minmay_fractal_squares_gapless_5
D:6:      minmay_octagon_keep, layout_basic, minmay_temple_entry_crystal_x,
          uniq_blork_the_orc
D:7:      layout_basic, serial_shops, kennysheep_little_box, due_unseen_surprise
D:8:      layout_basic, serial_curves, eino_curves_01, eino_curves_03
D:9:      gammafunk_sealed_arena, layout_cave_pools, erik_lair_orcish_takeover,
          enter_bailey_3, uniq_pikel, uniq_grum
D:10:     layout_basic, grunt_temple_overflow_open, uniq_sonja
D:11:     layout_rooms, orc_0_dummy, gauntlet_entry_generic, uniq_harold
D:12:     minmay_textured_paths, layout_basic, trove_entry_hex_spiral,
          worldfamousw_hep_ancestral_shrine
D:13:     layout_loops_corners, skrybe_vaults_entry_preservation, zin_treasury
D:14:     layout_stronghold, nzn_wu_jian_contemplation, uniq_louise, uniq_kirke
D:15:     hangedman_depths_entry_civil_slaughter, layout_long_grid,
          lemuel_blue_sif_altar
Temple:   nicolae_temple_x_marks_the_god
Lair:1:   layout_cave_pods, grunt_forest_large_clearing_hut
Lair:2:   layout_gridlike, guppyfry_snake_entry_garden, lemuel_fruit_fields,
          grunt_megastairs_3
Lair:3:   layout_regular_city, skrybe_swamp_entry_bodies,
          chequers_serial_rivers_small_b, infiniplex_staircase_pool_2
Lair:4:   layout_roguey, slime_entry_1
Lair:5:   minmay_lair_end_enchanted_forest, layout_cave_pods
Swamp:1:  layout_basic_swamp, hangedman_swamp_lotus
Swamp:2:  layout_falls_marsh, evilmike_swamp_ruin_house_6
Swamp:3:  layout_basic_swamp, evilmike_swamp_ruin_house_1, swamp_pool5,
          infiniplex_staircase_pool
Swamp:4:  swamp_pestilence, layout_basic_swamp
Snake:1:  layout_layer_cave, uniq_nikola
Snake:2:  layout_chambers, st_stairs_8, serial_bayou_shore_a,
          nicolae_triple_integral, uniq_aizul, uniq_jorgrun, uniq_roxanne
Snake:3:  layout_gridlike, serial_shops, bzr_entry_islet, nicolae_shop_stone,
          nicolae_shop_crystal
Snake:4:  grunt_snake_rune_serpentine_throne, layout_cave_town, minmay_shop_mass
Orc:1:    orc_temple, layout_caves, serial_shops, shop
Orc:2:    st_orc_open, layout_diamond_mine, ebering_ghost_gozag,
          portal_ice_cave_demonic_guard, uniq_azrael
Elf:1:    eino_elf_arrival_altar, layout_onion_city, serial_shops,
          nicolae_shop_crystal, minmay_elf_necromancy
Elf:2:    elven_hall_of_blades_hangedman_original
          [nicolae_blade_entry_antechamber], layout_loops_corners
Elf:3:    elf_hall, layout_geoelf_octagon, hangedman_elf_disciples
Vaults:1: mu_enter_wizlab_6, st_lattice, nicolae_vaults_little_squares_1,
          vaults_room_grid, hangedman_vaults_pinch, serial_ice_m,
          ontoclasm_vaults_idyll, vaults_room_grunt_arrival_ludios,
          vaults_dpeg_ring, hangedman_vaults_capsules, nicolae_vaults_network_s,
          nicolae_vaults_triangles, v_pattern_3, nicolae_vaults_asterisk,
          nicolae_vaults_angled_halls, vaults_room_large_hall,
          layout_vaults_omnibox, serial_shops, shop
Vaults:2: v_pattern_2, nicolae_vaults_little_squares_2, vaults_room_semicircle,
          ontoclasm_vaults_ligature, nicolae_vaults_little_squares_2, v_rooms_3,
          nicolae_vaults_asterisk, layout_vaults_omnigrid, uniq_jory,
          uniq_margery, uniq_xtahua

Skill      XL: |  1  2  3  4  5  6  7  8  9 10 11 12 13 14 15 16 17 18 19 20 |
---------------+-------------------------------------------------------------+-----
Axes           | 3 4 6 |  6.1
Short Blades   | 4 6 8 10 12 14 | 14.0
Fighting       | 5 7 9 10 11 12 | 12.2
Armour         | 2 5 7 9 10 11 12 | 12.7
Dodging        | 2 5 7 9 10 11 12 | 12.7
Shields        | 1 7 10 12 14 15 16 17 19 20 | 20.1
Long Blades    | 4 8 10 12 13 | 13.5
Invocations    | 1 7 |  7.7
Necromancy     | 4 |  4.3
Transmutations | 3 |  3.5
Spellcasting   | |  0.3

Action                     |  1- 3 |  4- 6 |  7- 9 | 10-12 | 13-15 | 16-18 | 19-21 || total
---------------------------+-------+-------+-------+-------+-------+-------+-------++-------
  Melee: Hand axe          |    92 |     7 |       |       |       |       |       ||    99
         Rapier            |       |    52 |   281 |   736 |  2021 |  2406 |   727 ||  6223
         Punch             |       |     1 |     4 |     2 |       |       |       ||     7
         Headbutt          |       |       |    42 |   183 |   530 |   726 |   454 ||  1935
         Double sword      |       |       |       |       |       |     9 |   591 ||   600
  Throw: Dart              |       |       |       |     1 |       |       |       ||     1
 Invoke: Berserk           |     2 |     3 |     5 |     8 |    21 |    16 |     6 ||    61
         Trog's Hand       |       |       |     1 |     2 |     3 |       |     1 ||     7
         Brothers in Arms  |       |       |       |     1 |     5 |     5 |     1 ||    12
  Evoke: Wand              |       |       |       |       |     5 |     2 |       ||     7
         Tin of tremorston |       |       |       |       |     2 |       |       ||     2
    Use: Scroll            |       |       |       |    12 |    19 |     8 |     4 ||    43
         Potion            |       |       |       |       |     3 |     7 |     3 ||    13
   Stab: Distracted        |       |       |       |       |     1 |       |       ||     1
         Confused          |       |       |       |       |     1 |       |       ||     1
 Armour: Animal skin       |    12 |     2 |       |       |       |       |       ||    14
         Ring mail         |       |     4 |       |       |       |       |       ||     4
         Chain mail        |       |     3 |    87 |    22 |   171 |       |    31 ||   314
         Scale mail        |       |       |       |    79 |   194 |       |       ||   273
         Swamp dragon scal |       |       |       |       |       |   336 |       ||   336
         Troll leather arm |       |       |       |       |       |       |   191 ||   191
  Dodge: Dodged            |    54 |    22 |    57 |   156 |   362 |   518 |   452 ||  1621
         Repelled          |       |       |       |       |       |    26 |     6 ||    32
  Block: Other             |       |       |       |    26 |       |       |       ||    26
         Buckler           |       |       |       |    71 |   191 |       |       ||   262
         Tower shield      |       |       |       |       |   765 |  2136 |  1457 ||  4358
         Reflection        |       |       |       |       |       |   154 |    41 ||   195

Table legend: (Time is in decaauts)
 A = Elapsed time spent in this place.
 B = Non-inter-level travel time spent in this place.
 C = Inter-level travel time spent in this place.
 D = Time resting spent in this place.
 E = Time spent auto-exploring this place.
 F = Levels seen in this place.
 G = Mean time per level.
                   A        B        C        D        E       F      G
               +--------+--------+--------+--------+--------+-----+--------+
         Total |  42854 |  40135 |   2719 |   5971 |  25038 |  42 | 1020.3 |
       Dungeon |  13532 |  12146 |   1386 |   1560 |   8641 |  15 |  902.1 |
        Temple |    167 |    153 |     14 |    100 |     44 |   1 |  167.0 |
          Lair |   5931 |   5428 |    503 |    344 |   4383 |   5 | 1186.2 |
         Swamp |   3392 |   3220 |    172 |    503 |   1841 |   4 |  848.0 |
     Snake Pit |   5985 |   5808 |    177 |    962 |   3664 |   4 | 1496.2 |
  Orcish Mines |   2153 |   1932 |    221 |    210 |    918 |   2 | 1076.5 |
   Elven Halls |   5210 |   4978 |    232 |   1339 |   2548 |   3 | 1736.7 |
        Vaults |   2113 |   2102 |     11 |    168 |   1241 |   2 | 1056.5 |
         Abyss |    483 |    483 |      0 |     37 |    178 |   1 |  483.0 |
        Bazaar |    304 |    304 |      0 |      0 |    179 |   1 |  304.0 |
        Bailey |    750 |    750 |      0 |    342 |    167 |   1 |  750.0 |
      Ice Cave |    640 |    640 |      0 |    254 |    141 |   1 |  640.0 |
        Wizlab |   1491 |   1491 |      0 |     94 |    882 |   1 | 1491.0 |
      Gauntlet |    698 |    698 |      0 |     52 |    208 |   1 |  698.0 |
               +--------+--------+--------+--------+--------+-----+--------+

Top non-repeatable levels by time:
   Elf:2: 2147 daAuts
 Snake:2: 1730 daAuts
    D:12: 1704 daAuts
  Lair:1: 1640 daAuts
Vaults:1: 1634 daAuts
   Elf:3: 1556 daAuts
 Snake:1: 1535 daAuts
   Elf:1: 1506 daAuts
  WizLab: 1491 daAuts
 Snake:3: 1469 daAuts
  Lair:5: 1386 daAuts
   Orc:2: 1291 daAuts
 Snake:4: 1249 daAuts
    D:13: 1148 daAuts
     D:6: 1051 daAuts
